 Dungeon Crawl Stone Soup version 0.28.0-53-g5a82cb258f (webtiles) character file.

Game seed: 18214325810677280851

59 SanguineChosen the Chopper (level 3, 0/34 HPs)
             Began as a Minotaur Berserker on Aug 7, 2022.
             Was a Believer of Trog.
             Slain by an orc
             ... wielding a +0 dagger
              (3 damage)
             ... on level 3 of the Dungeon.
             The game lasted 00:06:38 (1558 turns).

SanguineChosen the Chopper (Minotaur Berserker)     Turns: 1558, Time: 00:06:40

Health: 0/34       AC:  7    Str: 23    XL:     3   Next: 78%
Magic:  2/2        EV: 10    Int:  4    God:    Trog [**....]
Gold:   53         SH:  0    Dex:  9    Spells: 2/2 levels left

rFire   . . .      SeeInvis +   a - +0 hand axe
rCold   . . .      Faith    .   (no shield)
rNeg    . . .      Spirit   .   e - +0 scale mail
rPois   .          Reflect  .   (helmet restricted)
rElec   .          Harm     .   (no cloak)
rCorr   .          Rampage  .   g - +0 pair of gloves
Will    +....                   (no boots)
Stlth   ..........              (no amulet)
HPRegen 0.11/turn               d - ring of the Good {Will+ Slay+3 SInv}
MPRegen 0.08/turn               (no ring)

@: no status effects
A: horns 2, retaliatory headbutt
a: Renounce Religion, Berserk, Trog's Hand


You were on level 3 of the Dungeon.
You worshipped Trog.
Trog was pleased with you.
You visited 1 branch of the dungeon, and saw 3 of its levels.

You collected 53 gold pieces.

Inventory:

Hand Weapons
 a - a +0 hand axe (weapon)
Armour
 e - a +0 scale mail (worn)
 g - a +0 pair of gloves (worn)
Jewellery
 d - the ring of the Good (left hand) {Will+ Slay+3 SInv}
   (You found it on level 2 of the Dungeon)

   [ring of see invisible]

   Slay:      It affects your accuracy & damage with ranged weapons and melee
   (+3).
   SInv:      It lets you see invisible.
   Will:      It increases your willpower.
Potions
 b - a potion of curing
 f - a potion of lignification


   Skills:
 + Level 4.3 Fighting
 + Level 4.7 Axes
 + Level 3.0 Armour
 + Level 2.4 Dodging


You had 2 spell levels left.
You didn't know any spells.
Your spell library was empty.

Dungeon Overview and Level Annotations

Branches:
Dungeon (3/15)

Altars:


Innate Abilities, Weirdness & Mutations

You have a pair of horns on your head.
You reflexively headbutt those who attack you in melee.


Message History

Trog accepts your kill.
You hit the orc. Your headbutt misses the orc.
The orc is severely wounded.
The orc closely misses you.
The orc priest looks satisfied for a moment.
You slash the orc!
You kill the orc!
Trog accepts your kill.
The orc priest calls down the wrath of Beogh upon you.
Beogh smites you!
* * * LOW HITPOINT WARNING * * *
Your Armour skill increases to level 3!
You feel better.
The orc shouts!
The orc hits you with a +0 club.
You barely miss the orc. The orc hits you but does no damage.
You hit the orc. Your headbutt misses the orc.
The orc is moderately wounded.
The orc hits you but does no damage.
You slash the orc!
You kill the orc!
Trog accepts your kill.
You hit the orc priest.
The orc priest is moderately wounded.
The orc priest hits you with a +0 hand axe.
You hit the orc priest.
The orc priest is moderately wounded.
You hit the orc. The orc hits you with a +0 dagger.
A hobgoblin comes into view.
The orc priest hits you with a +0 hand axe.
* * * LOW HITPOINT WARNING * * *
The orc hits you but does no damage.
The hobgoblin shouts!
You slash the orc priest!
The orc priest is severely wounded.
You hit the orc.
The orc priest hits you with a +0 hand axe.
* * * LOW HITPOINT WARNING * * *
The orc hits you with a +0 dagger.
You die...

####.........#.#
............#.##
#.............g
###...g.........
###...........#
##...##...†...##
...##.........#
#.#.o#o......#
#..##@##.....#
#..#.⌠.#.....#
##r##.##.....#
##..#....>.##
##.r.....##
#....#### ######


You could see an orc priest, an orc and a hobgoblin.

Vanquished Creatures
  An adder (D:2)
  2 worms (D:2)
  A dart slug (D:1)
  2 orcs (D:3)
  6 endoplasms
  3 giant cockroaches (D:2)
  5 goblins
  2 hobgoblins (D:2)
  A kobold (D:2)
  A quokka (D:3)
  4 ball pythons
  A bat (D:2)
  2 frilled lizards (D:2)
  6 rats
37 creatures vanquished.

Vanquished Creatures (others)
  A plant (D:1)
1 creature vanquished.

Grand Total: 38 creatures vanquished

Notes
Turn   | Place    | Note
-------+----------+-------------------------------------------
     0 | D:1      | SanguineChosen the Minotaur Berserker began the quest for
                  | the Orb.
     0 | D:1      | Reached XP level 1. HP: 19/19 MP: 0/0
   570 | D:1      | Reached XP level 2. HP: 27/27 MP: 1/1
  1016 | D:2      | Identified the ring of the Good {Will+ Slay+3 SInv}
  1186 | D:2      | Reached XP level 3. HP: 33/33 MP: 2/2
  1328 | D:2      | Reached ** piety under Trog
  1558 | D:3      | Slain by an orc

Illustrated notes

Levels and vault maps discovered:
D:1:      lemuel_arrival_room, layout_rooms, serial_forest,
          infiniplex_forest_straight_2, infiniplex_forest_straight_4,
          infiniplex_forest_clump_curved, infiniplex_forest_clump_large,
          infiniplex_forest_clump_small, infiniplex_forest_end_2,
          infiniplex_forest_lined_2, nicolae_concentric_dashed_squares_wild
D:2:      layout_rooms, minmay_misc_feat_enclosed
D:3:      layout_rooms, grunt_decor_one_mirror

Skill      XL: |  1  2  3 |
---------------+----------+-----
Fighting       | 4 |  4.3
Axes           | 4 |  4.7
Armour         | 3 |  3.0
Dodging        | |  2.4

Action                   || total
-------------------------++-------
Melee: Hand axe          ||    81
       Headbutt          ||     7
  Use: Scroll            ||     9
       Potion            ||     1
Armor: Scale mail        ||    27
Dodge: Dodged            ||    37
